 Dungeon Crawl Stone Soup version 0.27.0-1-g7a089689b8 (webtiles) character file.

Game seed: 14635448710412355937

35 Tutankhamun the Sneak (level 3, 0/21 HPs)
             Began as a Kobold Brigand on Aug 14, 2021.
             Slain by an adder (2 damage)
             ... on level 2 of the Dungeon.
             The game lasted 00:00:42 (1262 turns).

Tutankhamun the Sneak (Kobold Brigand)              Turns: 1262, Time: 00:00:42

Health: 0/21       AC:  3    Str:  8    XL:     3   Next: 55%
Magic:  3/3        EV: 15    Int: 12    God:
Gold:   45         SH:  0    Dex: 17    Spells: 2/2 levels left

rFire    . . .     SeeInvis .   a - +2 dagger
rCold    . . .     Faith    .   (shield restricted)
rNeg     . . .     Spirit   .   b - +0 robe
rPois    .         Reflect  .   (no helmet)
rElec    .         Harm     .   c - +0 cloak
rCorr    .         Rampage  .   (no gloves)
Will     .....                  (no boots)
Stlth    ++++......             (no amulet)
HPRegen  0.07/turn              (no ring)
MPRegen  0.08/turn              (no ring)

@: lethally poisoned (0 -> -1), hasted, very quick
A: small, no large weapons, nightstalker 3
a: no special abilities


You were on level 2 of the Dungeon.
You visited 1 branch of the dungeon, and saw 2 of its levels.

You collected 45 gold pieces.

Inventory:

Hand Weapons
 a - a +2 dagger (weapon)
Missiles
 d - 18 poisoned darts (quivered)
 e - 2 curare-tipped darts
Armour
 b - a +0 robe (worn)
 c - a +0 cloak (worn)
Jewellery
 h - a ring of protection from fire
Scrolls
 j - a scroll of vulnerability {unknown}
 k - a scroll of amnesia {unknown}
Potions
 g - a potion of invisibility {unknown}
 i - a potion of curing {unknown}
 l - 2 potions of degeneration {unknown}
 m - a potion of mutation {unknown}


   Skills:
 - Level 2.1 Fighting
 + Level 3.6 Short Blades
 - Level 2.1 Throwing
 * Level 3.1 Dodging
 - Level 5.3 Stealth


You had 2 spell levels left.
You didn't know any spells.
Your spell library was empty.

Dungeon Overview and Level Annotations

Branches:
Dungeon (2/15)

Altars:

Shops:
D:1 :


Innate Abilities, Weirdness & Mutations

You are small and have problems with some larger weapons.
You are completely attuned to the shadows.


Message History

You barely miss the adder.
The adder is heavily wounded.
The adder misses you.
You are too injured to fight recklessly!
You barely miss the adder.
The adder is heavily wounded.
The adder closely misses you.
You are too injured to fight recklessly!
You barely miss the adder.
The adder is heavily wounded.
The adder closely misses you. The adder bites you.
You are too injured to fight recklessly!
You barely miss the adder.
The adder is heavily wounded.
The adder misses you.
You are too injured to fight recklessly!
You miss the adder.
The adder is heavily wounded.
The adder misses you. The adder bites you.
You are poisoned.
The adder poisons you!
You are too injured to fight recklessly!
You hit the adder but do no damage.
The adder is heavily wounded.
* * * LOW HITPOINT WARNING * * *
You feel sick. The adder bites you but does no damage.
You are too injured to fight recklessly!
You hit the adder.
The adder is heavily wounded.
* * * LOW HITPOINT WARNING * * *
You feel sick. The adder misses you.
* * * LOW HITPOINT WARNING * * *
You feel sick.
* * * LOW HITPOINT WARNING * * *
You feel sick.
It was a potion of haste.
You feel yourself speed up.
* * * LOW HITPOINT WARNING * * *
You feel sick. The adder bites you.
You die...

#....###.##
#.#.....†..
#.#.####.## ##.# .#
#.#.## #.# ....#.#
.##....###.# #..#.#
...........# ##..#.#
###....#####
......###########†#.##
##.......S@.......#.#
#.)#####.......###.#
.... #.#####.# #.#
##.. #.# #.# #.# #..
#.# #.###.# ...
#.....# #.. #######


You could see an adder.

Vanquished Creatures
  An adder (D:2)
  A dart slug (D:1)
  4 ball pythons
  2 endoplasms
  3 goblins
  3 hobgoblins (D:1)
  A quokka (D:2)
  5 frilled lizards (D:1)
  3 kobolds
  A rat (D:2)
24 creatures vanquished.

Notes
Turn   | Place    | Note
-------+----------+-------------------------------------------
     0 | D:1      | Tutankhamun the Kobold Brigand began the quest for the Orb.
     0 | D:1      | Reached XP level 1. HP: 12/12 MP: 1/1
    12 | D:1      | Found Uffarrau's Book Shop.
    38 | D:1      | Reached XP level 2. HP: 13/17 MP: 2/2
   473 | D:1      | Found a faded altar of an unknown god.
   688 | D:2      | Reached XP level 3. HP: 9/21 MP: 3/3
  1262 | D:2      | Slain by an adder

Illustrated notes

Levels and vault maps discovered:
D:1:      dpeg_arrival_water_temple_mockup, layout_rooms, serial_shops, shop,
          ebering_ecumenical_altar_abandoned, minmay_misc_feat_five
D:2:      layout_loops_ring, kennysheep_generic_room_11

Skill      XL: |  1  2 |
---------------+-------+-----
Dodging        | 2 3 |  3.1
Short Blades   | 3 |  3.6
Fighting       | |  2.1
Throwing       | |  2.1
Stealth        | |  5.3

Action                   || total
-------------------------++-------
Melee: Dagger            ||    70
  Use: Potion            ||     1
 Stab: Sleeping          ||    13
Armor: Robe              ||     7
Dodge: Dodged            ||    38
